Map: Zielone pola

Players

KILLER - Winner!

  • Race: Terran Terran
  • Spawn Location: 1:00

adam - Winner!

  • Race: Protoss Protoss
  • Spawn Location: 3:00

CaepiMing

  • Race: Terran Terran
  • Spawn Location: 6:00

Noxas

  • Race: Zerg Zerg
  • Spawn Location: 9:00

mishaHolod

  • Race: Protoss Protoss
  • Spawn Location: 7:00

Gracz - Winner!

  • Race: Terran Terran
  • Spawn Location: 12:00

VOD

Have the link to the VOD?

Description

Time

  • Played on: Feb. 28, 2016, 3:05 p.m.
  • Length: 16:23
Show
View Real Time Build Order
Export as new Build Order

KILLER Terran - Winner!

Build Orders:  

Get SALT Encoding   

  12  0:04  SCV  
  13  0:34  Supply Depot  
  13  0:37  Supply Depot  
  13  1:17  Barracks  
  13  1:19  Barracks x2  
  13  1:22  Barracks  
  13  1:24  SCV  
  14  1:41  Supply Depot  
  14  2:11  Marine x3  
  14  2:12  Marine  
  19  2:22  SCV  
  19  2:29  Marine x4  
  22  2:35  SCV  
  24  2:47  Marine x4  
  28  3:04  Marine  
  28  3:05  Marine x3  
  29  4:05  Marine x4  
  28  4:23  Marine x4  
  32  4:25  Supply Depot  
  32  4:29  Supply Depot  
  32  5:00  Marine x3, Refinery  
  32  5:01  Marine  
  36  5:18  Marine x3  
  36  5:19  Marine  
  40  5:43  Barracks Tech Lab  
  40  5:45  Marine  
  40  5:46  Marine x2  
  43  6:14  Combat Shields  
  43  6:33  Marine  
  43  6:34  Marine x3  
  47  6:51  Marine x3  
  47  6:52  Marine, Engineering Bay  
  50  7:30  Marine x2  
  50  7:31  Marine x2  
  54  7:47  Missile Turret  
  54  7:48  Marine  
  54  7:50  Missile Turret  
  55  7:57  Supply Depot  
  55  8:01  Supply Depot x2  
  55  8:18  Marine x4  
  59  8:31  Supply Depot x2  
  59  8:36  Marine x4  
  63  8:54  Marine x4  
  67  9:15  Marine  
  67  9:16  Marine x3  
  71  9:33  Marine x2  
  71  9:34  Marine x2  
  75  9:51  Marine x3  
  75  9:52  Marine  
  79  10:05  Factory  
  79  10:09  Marine x4  
  75  11:09  Factory Tech Lab  
  52  11:27  Marine x2  
  52  11:28  Marine x2  
  56  11:45  Marine x3  
  56  11:46  Marine  
  60  11:47  Barracks x2  
  60  12:02  Starport  
  60  12:03  Marine x4  
  60  12:05  Starport  
  64  12:21  Marine x4  
  68  12:36  Marine  
  68  12:37  Marine  
  69  12:39  Marine x3  
  58  14:17  Orbital Command  
  36  14:40  Liberator  
  22  14:50  Marine x2  
  22  14:51  Marine x4  
  30  15:08  Marine x3  
  30  15:09  Marine x3  
Show
View Real Time Build Order
Export as new Build Order

adam Protoss - Winner!

Build Orders:  

Get SALT Encoding   

  12  0:02  Probe (Chrono Boost)  
  13  0:13  Probe (Chrono Boost)  
  14  0:20  Pylon  
  14  0:23  Probe (Chrono Boost)  
  15  0:32  Assimilator  
  15  0:39  Probe (Chrono Boost)  
  16  0:45  Gateway  
  16  0:50  Probe (Chrono Boost)  
  16  0:56  Assimilator  
  17  1:09  Probe (Chrono Boost)  
  18  1:16  Forge  
  18  1:19  Probe (Chrono Boost)  
  19  1:30  Probe (Chrono Boost)  
  20  1:34  Cybernetics Core  
  20  1:39  Pylon  
  20  1:43  Zealot  
  22  1:48  Probe (Chrono Boost)  
  23  1:59  Probe (Chrono Boost)  
  24  2:07  Photon Cannon  
  24  2:16  Photon Cannon  
  24  2:18  Probe (Chrono Boost)  
  25  2:29  Mothership Core (Chrono Boost)  
  27  2:39  Stargate  
  27  2:50  Zealot  
  29  3:01  Protoss Air Weapons Level 1  
  29  3:17  Nexus  
  29  3:20  Pylon  
  29  3:27  Assimilator  
  29  3:39  Void Ray (Chrono Boost)  
  33  4:12  Pylon  
  33  4:19  Probe  
  33  4:23  Void Ray (Chrono Boost)  
  38  4:29  Pylon  
  38  4:31  Probe  
  39  4:43  Probe  
  40  4:55  Probe  
  41  5:01  Void Ray (Chrono Boost)  
  45  5:07  Probe  
  45  5:13  Stargate  
  46  5:20  Probe  
  47  5:21  Probe  
  48  5:30  Probe  
  48  5:33  Probe  
  50  5:41  Probe  
  50  5:42  Void Ray (Chrono Boost)  
  55  5:45  Probe  
  56  5:51  Probe  
  57  5:57  Probe  
  57  6:02  Probe  
  59  6:04  Pylon  
  59  6:09  Fleet Beacon, Probe, Protoss Air Armor Level 1  
  57  6:32  Probe x2  
  56  6:44  Probe x2  
  56  6:46  Pylon  
  58  6:50  Void Ray (Chrono Boost)  
  58  6:51  Void Ray (Chrono Boost)  
  66  6:56  Probe  
  66  6:57  Probe  
  67  7:08  Probe  
  67  7:09  Probe  
  69  7:21  Probe x2  
  71  7:23  Assimilator  
  77  7:44  Pylon  
  77  7:45  Pylon  
  77  7:46  Pylon x2  
  77  8:02  Void Ray (Chrono Boost)  
  81  8:14  Void Ray (Chrono Boost)  
  85  8:40  Void Ray (Chrono Boost)  
  89  8:51  Nexus  
  89  8:52  Void Ray (Chrono Boost)  
  93  8:57  Pylon  
  97  9:17  Void Ray (Chrono Boost)  
  97  9:26  Protoss Air Weapons Level 2  
  97  9:29  Void Ray (Chrono Boost)  
  101  9:54  Void Ray (Chrono Boost)  
  105  10:06  Void Ray (Chrono Boost)  
  108  10:31  Void Ray (Chrono Boost)  
  108  10:43  Void Ray (Chrono Boost)  
  100  11:09  Void Ray (Chrono Boost)  
  108  11:25  Void Ray (Chrono Boost)  
  108  11:46  Void Ray (Chrono Boost)  
  112  12:03  Void Ray (Chrono Boost)  
  116  12:11  Probe  
  116  12:13  Assimilator  
  117  12:17  Assimilator  
  117  12:22  Probe  
  117  12:23  Void Ray (Chrono Boost)  
  122  12:32  Probe  
  123  12:58  Pylon  
  123  12:59  Pylon  
  123  13:00  Pylon  
  123  13:03  Pylon  
  123  13:16  Void Ray x2 (Chrono Boost)  
  119  14:40  Void Ray x2 (Chrono Boost)  
  127  15:17  Void Ray (Chrono Boost)  
  127  15:18  Void Ray (Chrono Boost)  
Show
View Real Time Build Order
Export as new Build Order

CaepiMing Terran 

Build Orders:  

Get SALT Encoding   

  12  0:04  SCV  
  13  0:17  SCV  
  13  0:20  Supply Depot  
  14  0:29  SCV  
  15  0:42  SCV  
  16  0:45  Barracks  
  16  0:54  SCV  
  17  0:57  Engineering Bay  
  17  1:07  Supply Depot  
  17  1:09  SCV  
  18  1:21  SCV  
  19  1:26  Refinery  
  19  1:33  SCV  
  19  1:35  Barracks, Marine  
  21  1:44  Refinery  
  21  1:46  SCV  
  22  1:53  Marine  
  23  1:58  SCV  
  24  2:10  SCV  
  24  2:11  Marine  
  26  2:22  SCV  
  27  2:23  Barracks Tech Lab  
  27  2:29  Marine  
  28  2:30  Barracks  
  28  2:44  Marauder  
  30  3:03  Barracks Reactor  
  30  3:04  Supply Depot  
  31  3:14  Orbital Command  
  30  3:25  Barracks Tech Lab  
  30  3:26  Marauder  
  32  3:27  Supply Depot  
  32  3:29  Supply Depot  
  32  3:47  Reaper  
  33  3:50  Supply Depot  
  33  3:53  Command Center  
  28  4:11  Marauder  
  28  4:12  Marine x2  
  28  4:16  Supply Depot  
  28  4:19  Marauder  
  30  4:24  SCV  
  30  4:30  Marine x2  
  33  4:33  Marauder  
  33  4:37  Factory  
  35  4:41  Marauder  
  37  4:47  Marine  
  37  4:48  Marine  
  39  4:54  Marauder  
  41  5:02  Marauder  
  41  5:05  Marine  
  44  5:29  Command Center  
  44  5:33  Starport  
  44  5:36  Factory Tech Lab  
  44  5:40  SCV  
  45  5:47  Marine x2  
  47  5:52  SCV, Marauder  
  52  5:57  Marauder  
  52  6:04  SCV  
  53  6:11  Starport  
  53  6:16  SCV  
  54  6:28  SCV  
  54  7:06  SCV  
  55  7:12  Refinery  
  55  7:18  SCV  
  55  7:22  Marine x2  
  56  7:23  Marine x2  
  56  7:28  Medivac x2  
  64  7:30  SCV  
  64  7:32  Siege Tank  
  68  7:38  Refinery  
  68  7:41  Marauder x2  
  68  7:42  SCV  
  73  7:50  Armory  
  73  7:54  SCV  
  73  7:58  Medivac x2  
  74  8:02  Marauder  
  74  8:03  Marauder  
  74  8:04  Siege Tank  
  85  8:12  Supply Depot  
  85  8:31  Orbital Command  
  85  8:36  Siege Tank  
  85  8:40  Supply Depot  
  88  8:44  Missile Turret  
  88  8:45  Starport Tech Lab  
  88  8:47  Starport Tech Lab  
  88  8:57  SCV  
  89  9:04  Missile Turret  
  89  9:06  Supply Depot  
  89  9:08  Cyclone  
  89  9:09  SCV  
  93  9:21  SCV  
  94  9:25  Missile Turret  
  94  9:29  Marine, Supply Depot  
  94  9:30  Marine  
  96  9:32  Marauder  
  96  9:34  Marauder  
  96  9:35  Concussive Shells  
  96  9:37  Combat Shields  
  100  9:40  Cyclone  
  100  9:43  Terran Infantry Weapons Level 1  
  100  9:45  Missile Turret  
  103  9:47  Marine x2  
  103  9:52  Supply Depot  
  105  9:54  Marauder  
  105  9:55  Marauder  
  109  10:05  Marine x2  
  111  10:13  Cyclone  
  114  10:23  Marine x2  
  116  10:40  Missile Turret  
  116  10:41  Marine x2  
  118  10:44  Thor  
  124  10:59  Marine x2  
  124  11:00  Missile Turret  
  55  11:20  Missile Turret  
  55  11:26  SCV  
  56  11:38  SCV  
  57  11:47  Thor  
  57  11:51  Medivac  
  57  11:53  Medivac  
  67  11:55  Marine x2  
  67  11:56  Refinery, Command Center  
  67  12:00  Refinery  
  69  12:12  Marine  
  69  12:13  Marine  
  71  12:21  Medivac  
  73  12:23  Medivac  
  75  12:30  Cyclone, Marine x2  
  76  12:48  Marine  
  76  12:50  Marine  
  60  13:02  Siege Tank  
Show
View Real Time Build Order
Export as new Build Order

Noxas Zerg 

Build Orders: Pool First 

Get SALT Encoding   

  12  0:04  Drone  
  13  0:12  Drone  
  14  0:17  Overlord  
  14  0:37  Spawning Pool  
  13  0:45  Extractor  
  12  0:58  Extractor  
  12  1:00  Drone x3  
  14  1:11  Drone  
  15  1:30  Hatchery  
  15  1:32  Drone  
  15  1:33  Drone  
  16  1:48  Overlord  
  16  1:56  Drone  
  17  2:06  Lair  
  17  2:08  Drone  
  18  2:16  Drone  
  19  2:28  Drone  
  20  2:38  Drone  
  20  2:42  Drone  
  22  2:52  Drone  
  22  2:54  Drone  
  24  3:01  Drone  
  25  3:10  Spire  
  25  3:12  Drone  
  25  3:16  Overlord  
  25  3:19  Zergling x2  
  26  3:44  Zergling x2  
  26  3:45  Zergling x4  
  26  3:47  Zergling x4  
  26  3:48  Zergling x2  
  32  4:01  Zergling x2  
  33  4:03  Zergling x2  
  32  4:47  Mutalisk x3  
  32  4:50  Mutalisk x3  
  42  5:18  Overlord x2  
  42  5:36  Mutalisk x2  
  42  5:39  Mutalisk  
  48  5:56  Hatchery  
  47  6:01  Zerg Flyer Weapons Level 1  
  42  6:36  Mutalisk  
  42  6:37  Mutalisk  
  44  6:59  Mutalisk  
  30  7:23  Drone x2  
  32  7:33  Mutalisk x2  
  36  7:37  Zergling x6  
  39  7:44  Drone  
  39  7:45  Drone  
  39  7:51  Hatchery  
  40  8:16  Drone x3  
  43  8:23  Extractor  
  42  8:27  Extractor  
  42  8:31  Drone  
  42  8:39  Mutalisk  
  42  8:40  Mutalisk x2  
  48  8:44  Mutalisk  
  50  8:51  Drone  
  50  8:52  Drone  
  52  9:03  Drone  
  52  9:04  Drone  
  54  9:11  Drone  
  55  9:26  Zerg Flyer Weapons Level 2  
  55  9:30  Mutalisk  
  55  9:31  Mutalisk  
  59  9:38  Zergling x2  
  59  9:39  Zergling x4  
  59  9:40  Zergling x2  
  59  9:41  Zergling x2  
  64  9:48  Zergling x2  
  64  9:50  Zergling x2  
  66  9:53  Zergling x4  
  66  9:54  Zergling x2  
  66  9:55  Zergling x4  
  67  10:38  Zergling x2  
  67  10:39  Zergling x4  
  67  10:40  Zergling x6  
  59  10:44  Zergling x6  
  59  10:46  Zergling x6  
Show
View Real Time Build Order
Export as new Build Order

mishaHolod Protoss 

Build Orders:  

Get SALT Encoding   

  12  0:14  Pylon  
  12  0:17  Probe (Chrono Boost)  
  13  0:25  Assimilator  
  13  0:38  Gateway  
  13  1:08  Forge  
  13  1:36  Cybernetics Core  
  13  1:40  Pylon  
  13  1:51  Probe (Chrono Boost)  
  14  1:59  Assimilator  
  14  2:02  Probe (Chrono Boost)  
  15  2:24  Stargate  
  15  2:34  Twilight Council  
  15  2:43  Pylon  
  15  3:08  Void Ray  
  19  3:21  Zealot  
  21  3:48  Zealot  
  21  4:15  Zealot  
  19  4:19  Void Ray  
  21  4:45  Photon Cannon  
  21  5:02  Void Ray  
  25  5:25  Dark Shrine  
  25  5:44  Void Ray  
  29  5:58  Templar Archives  
  29  6:10  Protoss Air Weapons Level 1  
  29  6:46  High Templar  
  31  7:12  Phoenix  
  33  7:48  Dark Templar  
  35  8:27  Dark Templar  
  37  9:14  Dark Templar  
  39  9:31  Pylon  
  39  9:49  Void Ray  
  43  10:06  Dark Templar  
  45  10:24  Mothership Core (Chrono Boost)  
  47  11:05  Fleet Beacon  
  47  11:42  Pylon  
  47  11:59  Void Ray  
  47  12:00  Dark Templar  
  53  12:02  Photon Cannon  
  53  12:08  Photon Cannon  
  53  12:11  Photon Cannon  
  53  12:20  Photon Cannon  
  53  12:23  Photon Cannon  
  53  12:28  Photon Cannon  
  53  12:34  Photon Cannon  
  53  12:40  Photon Cannon  
  53  12:49  Photon Cannon  
  53  12:51  Photon Cannon  
  53  13:09  Pylon  
  53  13:13  Photon Cannon  
  53  13:16  Photon Cannon  
  53  13:26  Photon Cannon  
  53  13:27  Void Ray  
  53  13:29  Photon Cannon  
  63  13:36  Photon Cannon  
  63  13:43  Photon Cannon  
  63  13:48  Photon Cannon  
Show
View Real Time Build Order
Export as new Build Order

Gracz Terran - Winner!

Build Orders:  

Get SALT Encoding   

  12  0:02  SCV  
  13  0:20  Supply Depot  
  13  0:27  SCV  
  14  0:39  SCV  
  15  0:45  Refinery  
  15  0:51  SCV  
  16  1:03  SCV  
  17  1:20  Barracks  
  17  1:31  Barracks  
  17  1:41  Barracks  
  17  1:49  Barracks  
  17  2:10  Barracks Reactor  
  17  2:20  Barracks Reactor  
  17  2:28  Barracks Tech Lab  
  17  2:36  Barracks Reactor  
  17  2:43  Bunker  
  17  2:50  Marine x2  
  19  2:56  Marine x2, Marauder  
  23  3:20  Supply Depot  
  23  3:41  Marine x2, Orbital Command  
  25  3:59  Marine x2  
  24  4:21  Marine  
  24  4:22  Marine  
  21  4:39  Marine x2  
  18  4:57  Marine x2  
  16  5:22  Marine x3  
  16  5:23  Marine x2  
  21  5:30  Supply Depot  
  21  5:41  Marauder  
  23  5:45  Reaper x4  
  27  5:54  Engineering Bay  
  27  6:02  Factory  
  27  6:16  Marine  
  27  6:17  Marine x3, Marauder  
  33  6:25  Ghost Academy  
  33  6:31  Factory  
  32  6:35  Reaper x2  
  7  7:07  Marine x3  
  7  7:08  Marine  
  10  7:28  SCV  
  11  7:40  SCV  
  12  7:52  SCV  
  12  7:57  Marine  
  12  7:58  Marine x3  
  15  8:04  SCV  
  18  8:16  SCV  
  18  8:19  Marine x2  
  21  8:20  Marine x3  
  24  8:29  SCV  
  25  8:41  SCV  
  26  8:53  SCV  
  27  9:05  Marine x4, SCV  
  27  9:06  Marine  
  27  9:09  Factory Tech Lab  
  33  9:29  Factory Tech Lab  
  36  9:31  Siege Tank  
  36  9:47  SCV  
  36  9:51  Marine x2  
  36  9:52  Marine x2  
  41  9:59  SCV  
  38  11:26  SCV  
  39  11:38  SCV  
  40  11:41  Sensor Tower  
  40  11:42  Command Center  
  40  11:57  Marine x3  
  40  11:58  Marine  
  40  11:59  Marine  
  45  12:14  Marine  
  45  12:15  Marine  
  47  12:17  Starport  
  47  12:22  Supply Depot  
  47  12:43  Marine x3  
  27  13:34  Starport Tech Lab  
  27  13:35  Marine x2  
  27  13:36  Marine x3  
  27  13:39  Hellion x2  
  36  13:54  Marine x3  
  39  14:00  Siege Tank x2  
  45  14:33  Banshee  
  45  14:35  Marine x2  
  50  14:53  Marine  
  51  15:16  Banshee  
Tags
 
Add a new tag
Caveats
  • Supply blocks, unpowered buildings, or Contaminate may cause inaccurate times.
  • Supply counts are checked every 10 seconds.